AoeStats
← turcoocacn

Arabia

506745269Analyzed
2v2 RM · 16d ago on Sep 14, 2026· 55m 4s· 4 players
Game mode
Random Map
Map size
Medium (4 player)
Population
200
Speed
Normal
Resources
Standard
Victory
Conquest
Starting age
Dark Age
Ending age
Imperial Age
RankedLock teamsTeams togetherTeam positionsShared explorationLock speedFull tech treeHidden civsTurbo modeCheats
Victory
Defeat
🇫🇷 Berbers · France
856
+16
🇨🇱 Teutons · Chile
840
+16
🇦🇷 Maya · Argentina
909
-54
🇧🇷 Mongols · Brazil
786
-13
SpeakerCorner76
8:24 Loom
10:29 Feudal Age
11:31 Double-Bit Axe
15:17 Loom
19:31 Castle Age
18:25 Horse Collar
19:04 Scale Barding Armor
19:13 Forging
20:23 Wheelbarrow
23:38 Chain Barding Armor
23:34 Bloodlines
28:41 Wheelbarrow
31:01 Bow Saw
30:37 Light Cavalry
31:17 Husbandry
35:50 Imperial Age
33:48 Fletching
33:59 Padded Archer Armor
36:30 Heavy Camel Rider
38:16 Hand Cart
39:24 Ballistics
40:05 Chemistry
40:56 Thumb Ring
41:55 Bodkin Arrow
42:56 Elite Genitour
43:14 Hussar
46:27 Iron Casting
51:06 Leather Archer Armor
50:51 Bracer
51:27 Plate Barding Armor
INK | Yacko
1:52 Loom
14:10 Feudal Age
18:50 Castle Age
17:38 Stone Mining
17:39 Gold Mining
17:36 Double-Bit Axe
17:45 Horse Collar
19:20 Fletching
31:04 Bodkin Arrow
35:02 Wheelbarrow
37:09 Bow Saw
37:44 Hand Cart
40:11 Heavy Plow
40:57 Scale Mail Armor
41:09 Forging
42:18 Chain Mail Armor
42:20 Bloodlines
43:07 Iron Casting
43:53 Caravan
44:23 Scale Barding Armor
46:15 Chain Barding Armor
48:41 Imperial Age
47:10 Stone Shaft Mining
48:53 Gambesons
49:09 Squires
48:54 Arson
48:45 Elite Teutonic Knight
49:49 Conscription
51:22 Plate Mail Armor
52:04 Blast Furnace
52:10 Two-Man Saw
51:17 Capped Ram
52:53 Cavalier
53:58 Chain Barding Armor
turcoocacn
0:31 Loom
11:10 Feudal Age
11:44 Double-Bit Axe
11:44 Horse Collar
12:44 Gold Mining
14:57 Wheelbarrow
15:22 Fletching
24:54 Castle Age
24:14 Stone Mining
24:41 Scale Mail Armor
24:53 Forging
26:30 Bow Saw
26:58 Stone Shaft Mining
26:34 Heavy Plow
26:45 Squires
26:53 Crossbowman
28:10 Bodkin Arrow
29:09 Padded Archer Armor
30:31 Thumb Ring
32:42 Hand Cart
38:43 Leather Archer Armor
39:46 Ballistics
43:05 Imperial Age
40:48 Treadmill Crane
43:12 Capped Ram
44:23 Conscription
45:06 Ring Archer Armor
44:37 Bracer
45:14 Iron Casting
44:05 Pikeman
47:46 Chemistry
[̲̅2̲̅D̲̅]
9:05 Loom
11:53 Feudal Age
12:39 Double-Bit Axe
13:25 Stone Mining
20:36 Scale Barding Armor
25:35 Castle Age
24:33 Bloodlines
25:49 Wheelbarrow
25:55 Gold Mining
26:34 Squires
25:54 Pikeman
26:39 Squires
26:50 Scale Mail Armor
27:01 Forging
28:01 Hand Cart
31:03 Stone Shaft Mining
31:04 Gold Shaft Mining
30:56 Bow Saw
31:24 Gold Shaft Mining
39:15 Imperial Age
39:02 Husbandry
39:26 Chain Barding Armor
39:41 Iron Casting
39:08 Padded Archer Armor
38:58 Fletching
45:16 Conscription
Connection lost

Rejoining the realm…

Still unreachable

The connection could not be restored.

Session expired

The server has moved on; the page needs a fresh start.